cohdb
Replays
Latest Replays
All Replays
Popular Replays
Top Player Replays
Match Explorer
How It Works
Community
CoH3 Stats
Reddit
Sign in to upload your games and track your stats! →
Sign in with Steam
Match 41409516
Unlisted
Match 41409516
Overview
Messages
Build Orders
End
Construct Infanterie Kompanie
Kettenkrad Recon Vehicle
Selects Terror Battlegroup
Selects Machine Gun Camouflage
MG 42 Machine Gun Team
MG 42 Machine Gun Team
Grenadier Squad
Grenadier Squad
Infanterie Officer Quarters
Medical Bunker
Construct Panzergrenadier Kompanie
Selects Contempt for the Weak
Pak 40 Anti-tank Gun Team
Grenadier Squad
Construct Panzer Kompanie
Panzer IV Medium Tank
Selects No Quarter
Selects Jericho Trumpet
Side Skirts
Jericho Trumpet
Make a wish™ |
Sarmynation
0
0
Comments
sign in to comment!
No comments posted yet!